groovejumper, neutral female human Wizard ----- ----------- |..^.# --------------- |....|.....# |...|# |..(..........| |..#.|....| #....|# |.............| |....|.>..| #|...|# |..............# |....|..|.| #|...|# ---------------)###[###)###### |.........| #-----# ######### ## -------.- |....|.....# ## # ### |.......| |....|....|# ################################ #........| -----------### -----# [ # #-----# # |1..{...| # ||..|# [ # #|@h..)###........| ###|...|# # # #|...| --------- #....|# # # #....| |...|# # -----.--- |...| |...|# # |.......| |[..| |...-# # |.......| ----- ----- # |.......| ##.<......| --------- groovejumper the Thaumaturge Experience level: 8 Strength: 11 Dexterity: 14 Constitution: 13 Intelligence: 18 Wisdom: 12 Charisma: 11 Health: 0(45) Energy: 8(86) AC: 2 Gold: 857 Moves: 3852 Your Inventory: Coins $ - 857 gold pieces Weapons a - a blessed +1 quarterstaff F - 2 uncursed [+0] darts W - an [uncursed] fireproof [+0] quarterstaff of warning (weapon in hands) Armor b - a blessed +2 cloak of magic resistance (being worn) z - a cursed -1 T-shirt (being worn) G - an [uncursed] +0 pair of hard shoes [iron] (being worn) H - an [uncursed] +0 studded leather armor (being worn) Q - an [uncursed] +0 leather hat [elven leather helm] (being worn) X - an [uncursed +0] pair of hiking boots [jumping] Comestibles K - an uncursed pancake N - an uncursed lizard corpse Scrolls i - an uncursed scroll of create monster j - a blessed scroll of destroy armor s - an uncursed scroll of destroy armor y - an uncursed scroll labeled JUYED AWK YACC [of identify] A - an uncursed scroll labeled PRIRUTSENIE [of enchant weapon] C - a blessed scroll labeled JUYED AWK YACC [of identify] D - an uncursed scroll labeled AQUE BRAGH [of teleportation] I - 4 uncursed unlabeled scrolls [of blank paper] J - 2 cursed unlabeled scrolls [of blank paper] Spellbooks l - a blessed spellbook of force bolt m - an uncursed spellbook of confuse monster Potions f - an uncursed potion of water g - an uncursed potion of gain energy h - a potion of holy water n - an uncursed puce potion [of gain ability] q - an uncursed silver potion [of monster detection] u - a potion of unholy water O - a blessed amber potion [of booze] P - a [blessed] silver potion [of monster detection] Rings d - an uncursed +1 ring of gain wisdom e - an uncursed ring of stealth Wands c - an uncursed wand of light (0:15) Tools B - an uncursed blindfold Gems x - an uncursed gray stone named luck or flint [luckstone] Spells known in the end: Name Level Category Fail Memory a - force bolt 1 attack 0% [|||||||.] b - confuse monster 2 enchantment 0% [|||||||.] Your skills at the end: Fighting Skills Weapon Skills quarterstaff [Basic / Expert] Spellcasting Skills attack spells [Skilled / Expert] enchantment spells [Basic / Skilled] Final Attributes: You were piously aligned. Hunger level was 298. Your alignment was 25 / 29. Monster difficulty range was 1 - 7. Level difficulty was 6. You were magic-protected. You were telepathic. You were warned. You were lucky (4). You had extra luck. Bad luck did not time out for you. Good luck did not time out for you. You are dead. Vanquished creatures: a crocodile a quivering blob a leprechaun a lizard a Woodland-elf 3 soldier ants an imp a rock piercer a rock mole 2 gnome lords a gray ooze 4 elf zombies 2 paper golems 2 giant ants 6 floating eyes a kitten a dwarf 2 hill orcs 6 rothes a giant bat a monkey 2 orc zombies a dwarf zombie a wererat 3 iguanas 7 killer bees 2 coyotes 2 gas spores 2 hobbits a hobgoblin a giant rat 2 cave spiders 2 yellow molds 2 gnomes 3 geckos 3 jackals a fox 2 goblins 2 grid bugs 2 lichens 2 newts 83 creatures vanquished. Voluntary challenges: You used a wielded weapon 54 times. You read items or engraved 16 times. You put on armor 8 times. You never genocided any monsters. You never polymorphed an object. You never changed form. You used no wishes. You wrote Elbereth's name 10 times. You never encountered a bones level. You never used any Sokoban shortcuts. Dungeon overview: The Dungeons of Doom: levels 1 to 6 Level 1 a fountain a long staircase Level 2 a fountain, a sink a long staircase Level 3 some fountains portal to Advent Calendar Level 4 a fountain Level 5 a sink Level 6 <- You were here an altar to Thoth, a fountain, a sink Advent Calendar: Level 3 many trees portal to The Dungeons of Doom History has recorded: On T:1 you entered the Dungeons of Doom to retrieve the Amulet of Yendor! On T:150 you advanced to experience level 2. On T:276 you reached level 2 of The Dungeons of Doom. On T:438 you advanced to experience level 3. On T:532 you reached level 3 of The Dungeons of Doom. On T:607 you advanced to experience level 4. On T:664 you reached level 1 of Advent Calendar. On T:852 you advanced to experience level 5. On T:1181 you reached level 4 of The Dungeons of Doom. On T:1254 you advanced to experience level 6. On T:1807 you reached level 5 of The Dungeons of Doom. On T:2028 you advanced to experience level 7. On T:2775 you reached level 6 of The Dungeons of Doom. On T:3019 you advanced to experience level 8. On T:3780 you received a fireproof quarterstaff of warning from Thoth. Latest messages: [2 turns] The spell misses the dwarf. The dwarf thrusts his broad short sword. The dwarf misses. You hear a gurgling noise. [2 turns] You hit the dwarf! [HP+1=20] The spell misses the dwarf. The dwarf thrusts his broad short sword. The dwarf hits! [HP-9=11] The spell misses the dwarf. The dwarf thrusts his broad short sword. The dwarf hits! You die... Final status: Goodbye groovejumper the Wizard... You died in The Dungeons of Doom on dungeon level 6 with 5698 points, and 857 pieces of gold, after 3852 moves. You were level 8 with a maximum of 45 hit points when you died.